 Dungeon Crawl Stone Soup version 0.30-a0-800-g7c544603b3 (webtiles) character file.

Game seed: 16681609982744594186

81 Pimp the Conjurer (level 4, 0/27 HPs)
             Began as a Tengu Reaver on Feb 21, 2023.
             Slain by an orc
             ... wielding a +0 war axe
              (7 damage)
             ... on level 3 of the Dungeon.
             The game lasted 00:03:51 (2089 turns).

Pimp the Conjurer (Tengu Reaver)                    Turns: 2089, Time: 00:03:51

Health: 0/27       AC:  3    Str: 14    XL:     4   Next: 40%
Magic:  8/8        EV: 12    Int: 14    God:
Gold:   115        SH:  0    Dex: 12    Spells: 7/8 levels left

rFire   . . .      SeeInvis .    a - +1 spear
rCold   . . .      Faith    .    (no shield)
rNeg    . . .      Spirit   .    b - +0 leather armour
rPois   +          Reflect  .    (helmet restricted)
rElec   .          Harm     .    (no cloak)
rCorr   .          Rampage  .    (no gloves)
Will    .....                    (boots unavailable)
Stlth   +                        (no amulet)
HPRegen 0.24/turn                l - ring of wizardry
MPRegen 0.11/turn                e - ring of poison resistance

@: no status effects
A: beak, talons 3
a: no special abilities


You were on level 3 of the Dungeon.
You visited 1 branch of the dungeon, and saw 3 of its levels.

You collected 115 gold pieces.

Inventory:

Hand Weapons
 a - a +1 spear (weapon)
 f - a +0 club
Armour
 b - a +0 leather armour (worn)
Jewellery
 e - a ring of poison resistance (right hand)
 l - a ring of wizardry (left hand)
Scrolls
 d - a scroll of identify
Potions
 c - a potion of attraction {unknown}
 g - a potion of cancellation {unknown}
 h - 2 potions of heal wounds
 i - 3 potions of curing {unknown}
 j - a potion of resistance {unknown}
 k - a potion of degeneration {unknown}


   Skills:
 + Level 2.6 Fighting
 + Level 3.8 Polearms
 + Level 2.9 Dodging
 + Level 2.5 Spellcasting
 + Level 4.6 Conjurations


You had 7 spell levels left.
You knew the following spells:

 Your Spells              Type           Power      Damage    Failure   Level
a - Kiss of Death         Conj/Necr      32%        2d7       4%          1

Your spell library contained the following spells:

 Spells                   Type           Power      Damage    Failure   Level
 Momentum Strike          Conj/Tloc      16%        3d8       7%          2
 Hailstorm                Conj/Ice       8%         3d4       13%         3
 Cause Fear               Hex            0%         N/A       71%         4
 Dragon Form              Tmut           0%         N/A       100%        7
 Malign Gateway           Summ/Tloc      0%         N/A       100%        7
 Summon Horrible Things   Summ           0%         N/A       100%        8
 Dragon's Call            Summ           0%         N/A       100%        9


Dungeon Overview and Level Annotations

Branches:
Dungeon (3/15)

Altars:

Shops:
D:3 (


Innate Abilities, Weirdness & Mutations

You have a beak for a mouth.
You have claws for feet.


Message History

The worm is heavily wounded.
The worm closely misses you.
You hit the worm. Your peck misses the worm.
The worm is heavily wounded.
The worm bites you but does no damage.
You barely miss the worm.
The worm is heavily wounded.
You barely miss the worm.
The worm is heavily wounded.
The worm bites you.
You hit the worm. Your kick misses the worm. You peck the worm.
The worm is severely wounded.
You hit the worm.
You kill the worm!
You start resting.
HP restored.
You now have 115 gold pieces (gained 14).
You open the door.
There is an open door here.
A kobold comes into view. It is wielding a +0 short sword.
Found a whip.
The kobold shouts!
You hear a shout!
An orc comes into view. It is wielding a +0 war axe.
The orc shouts!
You hit the kobold.
You kill the kobold!
Found a stone staircase leading down.
Things that are here:
a +0 short sword; a stone A giant cockroach comes into view.
The orc hits you with a +0 war axe.
You see here a +0 whip.
You hit the orc but do no damage. Your peck misses the orc.
The orc hits you with a +0 war axe.
You completely miss the orc. Your kick misses the orc.
Your peck misses the orc. The orc hits you with a +0 war axe!
You closely miss the orc. The orc hits you with a +0 war axe.
* * * LOW HITPOINT WARNING * * *
The orc attacks as you move away! The orc hits you with a +0 war axe!
You die...

.. ... #.# ..# #.#
###.# ##.#####@..#
#.. .......o)..#
##.# ######.B##.#
#... ....>##.#
#..###############.#
#..#...........#
#.#############
#..#.#########.#
#.#...........#
#..#.# #.#
#.#.#########.#
#..#'#### #.#
#.#.#<....#...#


You could see an orc and a giant cockroach.

Vanquished Creatures
  An adder (D:2)
  A worm (D:3)
  A dart slug (D:1)
  An orc (D:3)
  7 endoplasms
  2 giant cockroaches
  6 goblins
  6 hobgoblins
  A jackal (D:2)
  9 kobolds
  4 quokkas
  7 ball pythons
  6 bats
  3 frilled lizards
  5 rats
60 creatures vanquished.

Notes
Turn   | Place    | Note
-------+----------+-------------------------------------------
     0 | D:1      | Pimp the Tengu Reaver began the quest for the Orb.
     0 | D:1      | Reached XP level 1. HP: 12/12 MP: 4/4
   386 | D:1      | Reached XP level 2. HP: 17/17 MP: 6/6
   536 | D:1      | Reached XP level 3. HP: 20/21 MP: 7/7
   652 | D:1      | Found a faded altar of an unknown god.
  1587 | D:2      | Reached XP level 4. HP: 25/27 MP: 8/8
  1859 | D:3      | Found Doriakiru's Weapon Shop.
  2089 | D:3      | Slain by an orc

Illustrated notes

Levels and vault maps discovered:
D:1:      minmay_arrival_wavy_path, layout_loops_ring,
          shapermc_ecumenical_altar_mp_vishouse, nrook_mini_backslash,
          st_stairs_2
D:2:      layout_loops_ring, minmay_divided_ellipse
D:3:      layout_basic, nicolae_overflow_crystal_walls, serial_shops, shop, shop

Action                     |  1- 3 |  4- 6 || total
---------------------------+-------+-------++-------
  Melee: Spear             |   109 |    32 ||   141
         Peck              |    10 |     3 ||    13
         Kick              |    24 |     6 ||    30
    Use: Scroll            |     8 |       ||     8
 Armour: Leather armour    |    31 |     4 ||    35
  Dodge: Dodged            |    72 |    11 ||    83

Table legend: (Time is in decaauts)
 A = Elapsed time spent in this place.
 B = Non-inter-level travel time spent in this place.
 C = Inter-level travel time spent in this place.
 D = Time resting spent in this place.
 E = Time spent auto-exploring this place.
 F = Levels seen in this place.
 G = Mean time per level.
                   A        B        C        D        E       F      G
               +--------+--------+--------+--------+--------+-----+--------+
         Total |   2077 |   2045 |     32 |    106 |   1555 |   3 |  692.3 |
       Dungeon |   2077 |   2045 |     32 |    106 |   1555 |   3 |  692.3 |
               +--------+--------+--------+--------+--------+-----+--------+

Top non-repeatable levels by time:
     D:1: 923 daAuts
     D:2: 883 daAuts
     D:3: 269 daAuts
